[Event "XVI Memorial Lezcano Montalvo 2024"]
[Site "Gran Canaria"]
[Date "2024.03.30"]
[Round "8.7"]
[White "Sanz Wawer, Daniel"]
[Black "Strikovic, Aleksa"]
[Result "0-1"]
[ECO "B92"]
[WhiteElo "2397"]
[BlackElo "2430"]
[Annotator "TA"]
[PlyCount "162"]
[EventDate "2024.03.23"]
[EventType "swiss"]
[EventCountry "ESP"]
[SourceTitle "playchess.com"]
[Source "ChessBase"]
[SourceQuality "1"]
[TimeControl "5400+30"]

1. e4 c5 2. Nf3 d6 3. d4 cxd4 4. Nxd4 Nf6 5. Nc3 a6 6. Be2 e5 7. Nb3 Be7 8. O-O O-O 9. a4 Be6 10. Be3 Nc6 11. Qd2 Nb4 12. Rfd1 Qc7 13. a5 d5 {[%emt 0:01:38] White must now prevent ...d4. The position is equal.} 14. Bb6 Qc8 15. exd5 Nbxd5 16. Nxd5 Nxd5 17. Bf3 Nxb6 18. axb6 f5 19. Bd5 Rd8 20. c4 Bxd5 21. cxd5 {[%emt 0:00:05] Threatens to win with Rac1.} Qd7 22. Na5 Rac8 {[%emt 0:00:14] Prevents d6.} 23. d6 Qxd6 24. Qxd6 Rxd6 25. Rxd6 Bxd6 26. Nxb7 $11 {[%emt 0:00:14][%mdl 4096] Endgame. KRB-KRN} Bb4 27. Rd1 (27. Kf1 $11) 27... Rc6 $17 28. g4 Rxb6 $19 29. Rd8+ Kf7 30. Rd7+ Be7 $1 31. gxf5 Ke8 (31... Rxb2 32. Nd6+ Kf8 33. Nc4 $15) 32. Rc7 Rb5 {[%emt 0:00:05][%cal Oa6a5] Inhibits Nc5.} (32... Rxb2 33. Nc5 $11) 33. Kg2 (33. Kf1 $17) 33... e4 (33... Rxb2 34. Nc5 $15) 34. b4 Rxb4 (34... Bxb4 $19 {And now ...Be7 would win.} 35. Rxg7 a5 (35... Rxf5 36. Rxh7 a5 37. Rh4 $17) 36. Rxh7 a4 (36... Rxf5 37. Rh4 $17) 37. Rh8+ Kd7) 35. Na5 ({Better is} 35. Nc5 $15) 35... Rb2 (35... Bd8 $142 36. Rc8 Rb5 (36... Kd7 37. Rxd8+ Kxd8 38. Nc6+ Kd7 39. Nxb4 $18)) 36. Nc4 $17 Ra2 37. Ne3 (37. Kg3 $17 {was called for.}) 37... Bf6 (37... Bh4 $19 {is more deadly.} 38. Rc4 Rxf2+ 39. Kh3 Bg5 40. Rxe4+ Kd8) 38. Rc4 Kd7 39. Rxe4 a5 40. Nd5 Ba1 $1 41. Kf3 Kd6 42. Ne3 a4 43. Re8 (43. Rc4 $15) 43... Kc5 44. Ra8 Bf6 45. Ra5+ $2 (45. Ke4 $15) 45... Kb4 $19 46. Ra7 Kb5 47. Rb7+ Kc6 48. Ra7 Bd4 $1 49. Ra6+ Kc5 $2 (49... Kb5 $19 50. Ra8 a3) 50. Ra8 (50. Ke4 $15) 50... a3 {[%emt 0:00:42] Black has more active pieces.} ({Black should try} 50... Kb6 $1 $17 {Strongly threatening ...Kb7.} 51. Rb8+ Kc7) 51. Ke4 $15 Bf6 (51... Rxf2 52. Rc8+ (52. Rxa3 Rxh2 53. Ra5+ Kb4 $15) 52... Kb4 53. Nd5+ (53. Kxd4 Rd2+ 54. Ke5 a2 $11) 53... Kb3 54. Rb8+ (54. Kxd4 a2 $11) 54... Kc4 55. Rb4+ Kc5 56. Rxd4 $16) 52. Ng4 $2 (52. Kd3 $15) 52... Bh4 (52... Be7 $1 $19 {...Kb5 is the strong threat.} 53. Ne3 Kc6 (53... Rxf2 54. Rxa3 Re2 55. h3 $11)) 53. f3 (53. Kd3 $17) 53... h5 (53... Be1 $19 {has better winning chances. Hoping for ...Kb5.} 54. Ne3 Bb4 (54... Rxh2 55. Rxa3 Re2 56. f6 $11)) 54. Ne3 (54. f6 $142 gxf6 (54... hxg4 $2 55. fxg7 Re2+ 56. Kf5 $18) (54... Bxf6 55. Nxf6 gxf6 56. Kf5 $17) 55. Ne3) 54... Bg5 ({Much worse is} 54... Rxh2 $6 55. Rxa3 Re2 56. Kd3 $11) (54... Kc6 $17 55. h3 Be1) 55. f4 Bf6 56. Rc8+ $2 (56. Kd3 $11 {and White has nothing to worry.}) 56... Kb5 (56... Kb6 $1 $19 57. Nc2 Rxc2 58. Rxc2 Kb5) 57. Rb8+ {[%emt 0:00:16] [#]} (57. Ra8 $17 {was the only chance.}) 57... Kc6 $1 $19 58. Ra8 Kb7 {[%emt 0:00:21] Inhibits Ra7+.} (58... Rxh2 59. Ra6+ Kc5 60. Rxa3 $11) 59. Ra4 {[%emt 0:00:08] [#]} Be7 $1 ({Weaker is} 59... Rxh2 60. Rxa3 Rh1 61. Kf3 $11) 60. Nd5 Bc5 61. h3 $2 (61. h4) 61... Rd2 62. Nc3 h4 63. Ra5 Rd4+ $2 (63... Kb6 $19 64. Rb5+ Kc6) 64. Ke5 $1 $11 Bb4 65. Rb5+ $2 {[%emt 0:01:14][%mdl 8192] White is now going downhill.} (65. Rxa3 $11 Rd3 66. Rb3 Rxc3 67. Rxb4+ Kc6 68. f6 gxf6+ 69. Kxf6) 65... Kc6 $19 66. Rb8 Bxc3 {[%emt 0:00:53] KRB-KR} 67. Rc8+ Kd7 68. Rxc3 {[%emt 0:00:02] KR-KR} Ra4 69. Rc1 a2 70. Ra1 Ke7 {[%emt 0:00:02] ( -> ...Kf7)} 71. f6+ gxf6+ 72. Kf5 Kf7 73. Kg4 Kg6 74. Kxh4 Rxf4+ 75. Kg3 Ra4 {[%emt 0:00:05] Black mates.} 76. Kf3 Kf5 77. Ke3 Kg5 78. Kd3 Kh4 79. Kc3 f5 80. Kb3 Ra8 81. Kb2 f4 {[%emt 0:00:06] Weighted Error Value: White=0.43/Black=0.28 (precise) .  Loses game:     	White=4     	---        Missed win:     	---       	Black=2      Mistake:       	White=11    	Black=8      Inaccurate:     	White=2     	Black=4      OK:         	White=14    	Black=15     Best:        	White=4     	Black=6      Strong:       	White=1     	Black=3} 0-1

[Event "XVI Memorial Lezcano Montalvo 2024"]
[Site "Gran Canaria"]
[Date "2024.03.30"]
[Round "8.8"]
[White "Yankelevich, Lev"]
[Black "Garcia Blanco, Omar"]
[Result "1/2-1/2"]
[ECO "D85"]
[WhiteElo "2412"]
[BlackElo "2377"]
[Annotator "RC"]
[PlyCount "80"]
[EventDate "2024.03.23"]
[EventType "swiss"]
[EventCountry "ESP"]
[SourceTitle "playchess.com"]
[Source "ChessBase"]
[SourceQuality "1"]
[TimeControl "5400+30"]

1. d4 Nf6 2. Nf3 g6 3. c4 Bg7 4. Nc3 d5 5. cxd5 Nxd5 6. e4 Nxc3 7. bxc3 c5 8. Bb5+ Nc6 9. O-O O-O 10. d5 Na5 11. Be3 Qc7 12. Rc1 a6 13. Be2 b5 14. c4 b4 15. Ne1 f5 16. Nd3 Nb7 17. Bf4 Qa5 18. e5 Qxa2 19. h4 Qa5 20. h5 Qb6 21. hxg6 hxg6 22. e6 a5 23. Ne5 a4 24. Nxg6 Qd8 25. d6 Nxd6 26. Nxe7+ Qxe7 27. Bxd6 Qxe6 28. Bf3 Rd8 29. Bd5 Ra6 30. Re1 Rdxd6 31. Qh5 Kf8 32. Rxe6 Bxe6 33. Re1 a3 34. Bxe6 Rxe6 35. Qxf5+ Ke7 36. Qxc5+ Kf7 37. Qc7+ Kg6 38. Qg3+ Kf7 39. Qc7+ Kg6 40. Qg3+ Kf7 1/2-1/2

[Event "XVI Memorial Lezcano Montalvo 2024"]
[Site "Gran Canaria"]
[Date "2024.03.30"]
[Round "8.9"]
[White "Perez Guerra, Raul"]
[Black "Barlov, Dragan"]
[Result "1-0"]
[ECO "C01"]
[WhiteElo "2250"]
[BlackElo "2387"]
[Annotator "RC"]
[PlyCount "65"]
[EventDate "2024.03.23"]
[EventType "swiss"]
[EventCountry "ESP"]
[SourceTitle "playchess.com"]
[Source "ChessBase"]
[SourceQuality "1"]
[TimeControl "5400+30"]

1. e4 e6 2. d4 d5 3. exd5 exd5 4. Nc3 c6 5. Bd3 Bd6 6. Nge2 Ne7 7. Ng3 Qb6 8. Nce2 O-O 9. c3 c5 10. dxc5 Bxc5 11. O-O Nbc6 12. b4 Bd6 13. Be3 Qc7 14. Nd4 Bf4 15. Nb5 Qb8 16. Re1 Bxe3 17. Rxe3 a6 18. Nd4 Nxd4 19. Rxe7 Nc6 20. Re3 g6 21. Qf3 Qd6 22. Rd1 Be6 23. Qf6 Qd8 24. Qf4 Bd7 25. Nh5 f5 26. Qh6 Rf7 27. Nf4 Ne7 28. Bc2 Bc6 29. c4 d4 30. Ne6 Qb6 31. Rxd4 Qxb4 32. Bb3 Be4 33. c5 1-0

[Event "XVI Memorial Lezcano Montalvo 2024"]
[Site "Gran Canaria"]
[Date "2024.03.30"]
[Round "8.10"]
[White "Hernandez Leon, Alberto"]
[Black "Oudeh Mishmesh, Omar"]
[Result "1-0"]
[ECO "E14"]
[WhiteElo "2207"]
[BlackElo "2301"]
[Annotator "RC"]
[PlyCount "65"]
[EventDate "2024.03.23"]
[EventType "swiss"]
[EventCountry "ESP"]
[SourceTitle "playchess.com"]
[Source "ChessBase"]
[SourceQuality "1"]
[TimeControl "5400+30"]

1. d4 Nf6 2. c4 e6 3. Nf3 d5 4. e3 a6 5. b3 b6 6. Bd3 Bb7 7. O-O Nbd7 8. Bb2 Be7 9. Nc3 O-O 10. Qe2 c5 11. Rac1 Bd6 12. Rfd1 cxd4 13. exd4 Qb8 14. h3 Bf4 15. Rc2 Re8 16. cxd5 exd5 17. Qf1 Ne4 18. Ne2 Bd6 19. Bc1 h6 20. Nh4 Qd8 21. Nf5 Bb8 22. g4 Qf6 23. Qg2 Qd8 24. f3 Ng5 25. h4 Ne6 26. g5 hxg5 27. hxg5 Ndf8 28. Kf2 Ng6 29. Rh1 Bc8 30. Rxc8 Qxc8 31. Qh3 Nef8 32. Ba3 Qe6 33. Bxf8 1-0

[Event "XVI Memorial Lezcano Montalvo 2024"]
[Site "Gran Canaria"]
[Date "2024.03.30"]
[Round "8.11"]
[White "Garcia Padron, Jose"]
[Black "Fiorito, Fabian"]
[Result "0-1"]
[ECO "A01"]
[WhiteElo "2385"]
[BlackElo "2251"]
[Annotator "RC"]
[PlyCount "114"]
[EventDate "2024.03.23"]
[EventType "swiss"]
[EventCountry "ESP"]
[SourceTitle "playchess.com"]
[Source "ChessBase"]
[SourceQuality "1"]
[TimeControl "5400+30"]

1. b3 d5 2. Bb2 Nf6 3. e3 Bf5 4. Bxf6 exf6 5. Nf3 c5 6. d4 Nc6 7. c3 Rc8 8. Bd3 Be6 9. O-O a6 10. a3 cxd4 11. cxd4 Be7 12. b4 O-O 13. Nbd2 a5 14. b5 Nb8 15. Qb1 g6 16. Rc1 Nd7 17. Rxc8 Qxc8 18. Qb2 a4 19. e4 Nb6 20. exd5 Bxd5 21. Be4 Rd8 22. Bxd5 Rxd5 23. Ne4 Qc4 24. Rb1 Qd3 25. Nc3 Rd7 26. Rd1 Qc4 27. h4 Rc7 28. Ne4 Qd5 29. Re1 Kg7 30. Ned2 h5 31. Re3 Bf8 32. Qb1 Nc4 33. Nxc4 Rxc4 34. Qb2 Qf5 35. b6 Bd6 36. Qa1 Qc2 37. Qf1 Rc3 38. Re1 Qd3 39. Rd1 Qxf1+ 40. Kxf1 Rxa3 41. Ke2 Rb3 42. Nd2 Rxb6 43. Nc4 Ra6 44. Nxd6 Rxd6 45. Kd3 b5 46. Rb1 Rb6 47. Kc3 Kf8 48. Kb4 Ke7 49. Kc5 Rb8 50. Ra1 Kd7 51. d5 Rb7 52. Ra2 b4 53. Rxa4 b3 54. Ra1 b2 55. Rb1 Rc7+ 56. Kd4 Rc2 57. f4 Rxg2 0-1

[Event "XVI Memorial Lezcano Montalvo 2024"]
[Site "Gran Canaria"]
[Date "2024.03.30"]
[Round "8.12"]
[White "Fernandez Manrique, Agustin"]
[Black "Fiorito, Joaquin"]
[Result "0-1"]
[ECO "B12"]
[WhiteElo "2017"]
[BlackElo "2409"]
[Annotator "TA"]
[PlyCount "69"]
[EventDate "2024.03.23"]
[EventType "swiss"]
[EventCountry "ESP"]
[SourceTitle "playchess.com"]
[Source "ChessBase"]
[SourceQuality "1"]
[TimeControl "5400+30"]

1. e4 c6 2. d4 d5 3. f3 e6 4. Nc3 Bb4 5. Bd2 Bxc3 6. Bxc3 dxe4 7. Nh3 Nf6 8. fxe4 $1 {[%emt 0:04:10] White is slightly better.} Nxe4 ({Black should try} 8... e5 $1 $14) 9. Qg4 $1 $16 Nxc3 10. Qxg7 $1 Rf8 11. bxc3 Qh4+ 12. Nf2 Nd7 13. Bd3 h6 14. O-O {[%emt 0:25:54] Black must now prevent Ne4.} Qg5 {[%emt 0:05:00] [#]} 15. Qxg5 hxg5 16. a4 Rg8 17. a5 Nf6 18. Rab1 (18. c4 $16) 18... Rb8 19. c4 b6 20. axb6 axb6 21. c5 b5 {[%emt 0:01:17] [#]} (21... Nd7 $142) 22. c4 (22. Be2 $142 $1) 22... Ba6 $2 {[%emt 0:04:27][%mdl 8192] A mistake that costs the game.} (22... Bd7 $16 {might work better.}) 23. Ne4 $18 Nxe4 24. Bxe4 b4 25. Bxc6+ Kf8 26. Bb5 (26. Rfc1 Kg7 27. Ra1 Bb7 $16) 26... Bxb5 (26... Bb7 $142 27. c6 (27. Rxb4 Be4 $18) 27... Bc8 28. Rxb4 Rg7) 27. Rxb4 $1 {[%emt 0:00:02] White is clearly winning.} ({Stronger than} 27. cxb5 Rxb5 28. Ra1 Kg7 $15) 27... Ke7 28. cxb5 {[%emt 0:00:08][%mdl 4096] Endgame. KRR-KRR} Rgc8 29. Ra4 Rb7 {[%emt 0:02:09] Inhibits Ra7.} 30. b6 {[%emt 0:02:32] And now Rfa1 would win.} e5 31. Re1 (31. dxe5 Rxc5 32. Rf5 Ke6 33. Rxg5 Rxb6 $11) 31... f6 32. Ra5 Ke6 33. dxe5 fxe5 {[%emt 0:00:33] [#]} 34. Rxe5+ $3 Kxe5 (34... Kf6 35. Rd5) 35. c6+ {[%emt 0:34:37][%mdl 32768] Weighted Error Value: White=0.12 (very precise) /Black=0.50.  Loses game:     	---       	Black=1      Mistake:       	White=2     	Black=3      Inaccurate:     	White=1     	Black=4      OK:         	White=9     	Black=7      Best:        	White=4     	Black=2      Strong:       	White=4     	---       . Loss on time!?} 0-1

[Event "XVI Memorial Lezcano Montalvo 2024"]
[Site "Gran Canaria"]
[Date "2024.03.30"]
[Round "8.13"]
[White "Van Zyl-Rudd, Jack"]
[Black "Garbezza, Davide"]
[Result "1-0"]
[ECO "E11"]
[WhiteElo "2264"]
[BlackElo "1888"]
[Annotator "RC"]
[PlyCount "85"]
[EventDate "2024.03.23"]
[EventType "swiss"]
[EventCountry "ESP"]
[SourceTitle "playchess.com"]
[Source "ChessBase"]
[SourceQuality "1"]
[TimeControl "5400+30"]

1. d4 Nf6 2. c4 e6 3. g3 d5 4. Nf3 Bb4+ 5. Bd2 Be7 6. Qc2 O-O 7. Bg2 Nbd7 8. O-O Ne4 9. Nc3 Nxd2 10. Nxd2 c6 11. Rad1 dxc4 12. Nxc4 Rb8 13. e4 b5 14. Ne3 Nf6 15. e5 Nd5 16. Ncxd5 cxd5 17. f4 g6 18. g4 f5 19. Qe2 Ba6 20. Rf3 fxg4 21. Nxg4 Qb6 22. Qf2 Rbc8 23. Ne3 b4 24. Bh3 Bb7 25. Qg2 Rc4 26. Qg4 Rf5 27. Nxc4 dxc4 28. Rf2 Bd5 29. Qg3 Rh5 30. Qe3 Rh4 31. Bg2 Rg4 32. h3 Rxg2+ 33. Rxg2 Bxg2 34. Kxg2 b3 35. axb3 cxb3 36. Qe4 a5 37. d5 exd5 38. Qxd5+ Kf8 39. f5 gxf5 40. e6 Qc7 41. Qxf5+ Kg7 42. Rd7 Qc6+ 43. Kg3 1-0

[Event "XVI Memorial Lezcano Montalvo 2024"]
[Site "Gran Canaria"]
[Date "2024.03.30"]
[Round "8.14"]
[White "Tytynnik, Artem"]
[Black "Bergero, Simone"]
[Result "1-0"]
[ECO "B32"]
[WhiteElo "2197"]
[BlackElo "2022"]
[Annotator "RC"]
[PlyCount "78"]
[EventDate "2024.03.23"]
[EventType "swiss"]
[EventCountry "ESP"]
[SourceTitle "playchess.com"]
[Source "ChessBase"]
[SourceQuality "1"]
[TimeControl "5400+30"]

1. e4 c5 2. Nf3 Nc6 3. d4 cxd4 4. Nxd4 e5 5. Nb5 d6 6. N1c3 a6 7. Na3 Be7 8. Nc4 b5 9. Ne3 Nf6 10. g3 h5 11. h3 h4 12. g4 Nd4 13. f4 Bb7 14. Bg2 Rc8 15. O-O Qb6 16. Kh2 b4 17. Ncd5 Nxd5 18. exd5 exf4 19. Rxf4 Bf6 20. Rxf6 gxf6 21. Bd2 Kf8 22. c3 bxc3 23. bxc3 Nb5 24. c4 Na3 25. Qb3 Qd4 26. Rd1 Nxc4 27. Nxc4 Qxc4 28. Qxb7 Kg7 29. Rc1 Qb5 30. Qxb5 axb5 31. Rxc8 Rxc8 32. Bb4 Rc2 33. a3 f5 34. gxf5 Kf6 35. Bxd6 Kxf5 36. Bb4 Ke5 37. d6 Ke6 38. Kg1 f5 39. Bf1 Kd5 1-0

[Event "XVI Memorial Lezcano Montalvo 2024"]
[Site "Gran Canaria"]
[Date "2024.03.30"]
[Round "8.15"]
[White "Lizzul Coppe, Mirko"]
[Black "Marrero Cardenes, Agustin"]
[Result "1-0"]
[ECO "A48"]
[WhiteElo "2027"]
[BlackElo "2093"]
[Annotator "NA RC"]
[PlyCount "100"]
[EventDate "2024.03.23"]
[EventType "swiss"]
[EventCountry "ESP"]
[SourceTitle "playchess.com"]
[Source "ChessBase"]
[SourceQuality "1"]
[TimeControl "5400+30"]

1. d4 Nf6 2. Nf3 g6 3. e3 Bg7 4. Bd3 O-O 5. O-O d6 6. b3 Nc6 {[%emt 0:04:09] A48: Königsindisch (ohne c2-c4).} 7. Bb2 e5 8. dxe5 Ng4 9. h3 Ngxe5 10. Nxe5 Nxe5 11. Nc3 Nxd3 12. cxd3 d5 13. Qc2 d4 14. Ne4 c6 15. Ba3 Re8 16. Nd6 Bf8 17. Nc4 Bxa3 18. Nxa3 dxe3 19. fxe3 Qg5 20. Nc4 Bxh3 21. Qf2 f5 22. Qf3 Bg4 23. Qg3 Qe7 24. Rae1 b5 25. Nd6 Red8 26. Nxf5 gxf5 27. Rxf5 Qg7 28. Rf4 h5 29. Ref1 Rf8 30. Rxf8+ Rxf8 31. Rxf8+ Qxf8 32. Qe5 Qd8 33. Qe4 Qd6 34. Qe8+ Kg7 35. e4 Qd7 36. Qe5+ Kg6 37. d4 Qe6 38. Qf4 Qe7 39. Kh2 Qf6 40. Qe3 Qg5 41. Qe1 Qf4+ 42. Kg1 Be6 43. Qe2 h4 44. Qd3 Qg3 45. Qe2 h3 46. d5 cxd5 47. exd5 Bxd5 48. Qe8+ Bf7 49. Qe4+ Kh6 $19 50. Qc6+ Kg7 1-0

[Event "XVI Memorial Lezcano Montalvo 2024"]
[Site "Gran Canaria"]
[Date "2024.03.30"]
[Round "8.16"]
[White "Sosa Suarez, Carla Cristina"]
[Black "Perez Bolanos, Joel"]
[Result "0-1"]
[ECO "D05"]
[WhiteElo "1980"]
[BlackElo "2046"]
[Annotator "NA RC"]
[PlyCount "68"]
[EventDate "2024.03.23"]
[EventType "swiss"]
[EventCountry "ESP"]
[SourceTitle "playchess.com"]
[Source "ChessBase"]
[SourceQuality "1"]
[TimeControl "5400+30"]

1. d4 Nf6 2. Nf3 e6 3. e3 b6 4. Bd3 Bb7 5. O-O Be7 6. Nbd2 d5 7. Ne5 O-O 8. Qe2 c5 9. b3 Nbd7 10. Bb2 Rc8 11. f4 Ne4 12. Rad1 Ndf6 13. Bxe4 dxe4 14. dxc5 Qc7 15. c6 Bxc6 16. Nxc6 Qxc6 17. c4 Rfd8 18. Nb1 a6 19. Nc3 Nd7 20. Qc2 f5 21. g4 b5 22. gxf5 exf5 23. Nd5 Bf8 24. Qc3 Qe6 25. Kh1 Qf7 26. Rg1 Nc5 27. Nf6+ Kh8 28. Qe5 Rxd1 29. Rxd1 Qxf6 30. Qxf6 gxf6 31. Bxf6+ Bg7 32. Bxg7+ Kxg7 33. cxb5 axb5 34. Rd5 Kf6 0-1

[Event "XVI Memorial Lezcano Montalvo 2024"]
[Site "Gran Canaria"]
[Date "2024.03.30"]
[Round "8.18"]
[White "de Leon Navarro, Claudio"]
[Black "Estremera Panos, Sergio"]
[Result "0-1"]
[ECO "B30"]
[WhiteElo "1931"]
[BlackElo "2233"]
[Annotator "ChessBase"]
[PlyCount "80"]
[EventDate "2024.03.23"]
[EventType "swiss"]
[EventCountry "ESP"]
[SourceTitle "playchess.com"]
[Source "ChessBase"]
[SourceQuality "1"]
[TimeControl "5400+30"]

1. e4 c5 2. Nc3 Nc6 3. Bb5 Nd4 4. Nf3 e6 5. O-O a6 6. Bd3 Nf6 7. e5 Nxf3+ 8. Qxf3 Ng8 9. Ne4 d5 10. exd6 Bxd6 11. Nxd6+ Qxd6 12. Qg3 Qxg3 13. hxg3 Nf6 14. b3 b6 15. Bb2 Bb7 16. Be2 h5 17. d4 h4 18. gxh4 Rxh4 19. dxc5 O-O-O 20. Bxf6 gxf6 21. Rad1 bxc5 22. Rxd8+ Kxd8 23. Rd1+ Kc7 24. Rd3 a5 25. Rh3 Rd4 26. Rd3 Be4 27. Rxd4 cxd4 28. Bd3 Bxd3 29. cxd3 a4 30. bxa4 f5 31. Kf1 Kb6 32. Ke2 Ka5 33. Kf3 e5 34. g4 fxg4+ 35. Kxg4 e4 36. dxe4 d3 37. Kf3 Kb4 38. a5 Kc3 39. a6 d2 40. Ke2 Kd4 0-1

[Event "XVI Memorial Lezcano Montalvo 2024"]
[Site "Gran Canaria"]
[Date "2024.03.30"]
[Round "8.19"]
[White "Ramos Santana, Marcelino"]
[Black "Marrero Rodriguez, Jorge"]
[Result "1/2-1/2"]
[ECO "C60"]
[WhiteElo "1897"]
[BlackElo "2177"]
[Annotator "RC"]
[PlyCount "89"]
[EventDate "2024.03.23"]
[EventType "swiss"]
[EventCountry "ESP"]
[SourceTitle "playchess.com"]
[Source "ChessBase"]
[SourceQuality "1"]
[TimeControl "5400+30"]

1. e4 e5 2. Nf3 Nc6 3. Bb5 Nge7 4. c3 d5 5. O-O dxe4 6. Nxe5 Qd5 7. Nxc6 Qxb5 8. Nd4 Qd5 9. f3 f5 10. fxe4 fxe4 11. d3 exd3 12. Qf3 Bd7 13. b4 Qxf3 14. Rxf3 a5 15. b5 O-O-O 16. Rxd3 Bxb5 17. Rf3 Nc6 18. Be3 Nxd4 19. cxd4 c5 20. d5 Bc4 21. Nc3 Bxd5 22. Rf5 Bc6 23. Bxc5 Bxc5+ 24. Rxc5 Rd2 25. Rg5 g6 26. a4 Rhd8 27. h3 Rc2 28. Nb5 Kb8 29. Ra3 Rdd2 30. Rag3 b6 31. Kh2 Be4 32. h4 h5 33. Rxg6 Bxg6 34. Rxg6 Kb7 35. Rg7+ Kc8 36. Rg6 Kd7 37. Kh3 Rd3+ 38. Kh2 Rc4 39. Rxb6 Rxh4+ 40. Kg1 Rxa4 41. Rh6 h4 42. Kh2 Rb4 43. Na7 h3 44. Nc6 hxg2 45. Ne5+ 1/2-1/2

[Event "XVI Memorial Lezcano Montalvo 2024"]
[Site "Gran Canaria"]
[Date "2024.03.30"]
[Round "8.20"]
[White "Hernandez Leon, Sergio"]
[Black "Guerrero Orihuela, Jose Luis"]
[Result "1-0"]
[ECO "B07"]
[WhiteElo "2172"]
[BlackElo "1948"]
[Annotator "RC"]
[PlyCount "49"]
[EventDate "2024.03.23"]
[EventType "swiss"]
[EventCountry "ESP"]
[SourceTitle "playchess.com"]
[Source "ChessBase"]
[SourceQuality "1"]
[TimeControl "5400+30"]

1. e4 c6 2. Ne2 d6 3. d4 Nf6 4. Nbc3 Nbd7 5. g3 e5 6. Bg2 Be7 7. O-O h5 8. h3 Qc7 9. Be3 Nf8 10. Qd2 Be6 11. f4 Rd8 12. d5 Bd7 13. Rad1 cxd5 14. exd5 Ng6 15. f5 Nf8 16. a4 Rc8 17. Nc1 Qc4 18. Rf2 Qc7 19. Nd3 Bd8 20. Re1 Ng8 21. Ne4 f6 22. c4 b6 23. b4 Nh6 24. c5 Be7 25. Bxh6 1-0

[Event "XVI Memorial Lezcano Montalvo 2024"]
[Site "Gran Canaria"]
[Date "2024.03.30"]
[Round "8.22"]
[White "Martin Ramos, Daniel"]
[Black "Perez Bolanos, David"]
[Result "1/2-1/2"]
[ECO "C54"]
[WhiteElo "1961"]
[BlackElo "2053"]
[Annotator "RC"]
[PlyCount "70"]
[EventDate "2024.03.23"]
[EventType "swiss"]
[EventCountry "ESP"]
[SourceTitle "playchess.com"]
[Source "ChessBase"]
[SourceQuality "1"]
[TimeControl "5400+30"]

1. e4 e5 2. Nf3 Nc6 3. Bc4 Nf6 4. d3 Bc5 5. c3 a6 6. Bb3 d6 7. Nbd2 Ba7 8. Nf1 h6 9. Ng3 O-O 10. O-O Re8 11. h3 Be6 12. Be3 d5 13. Bxa7 Rxa7 14. Re1 Ra8 15. Qc2 Qd6 16. exd5 Nxd5 17. Ne4 Qf8 18. d4 exd4 19. Rad1 Rad8 20. Nxd4 Nxd4 21. Rxd4 c5 22. Rdd1 b5 23. Bxd5 Bxd5 24. Ng3 g6 25. Rxe8 Qxe8 26. Qd2 Kh7 27. Nf1 Rd7 28. b3 Bc6 29. Qc1 Qe4 30. f3 Qe5 31. Rxd7 Bxd7 32. Qe3 Qxe3+ 33. Nxe3 Be6 34. f4 f5 35. Kf2 Kg7 1/2-1/2

[Event "XVI Memorial Lezcano Montalvo 2024"]
[Site "Gran Canaria"]
[Date "2024.03.30"]
[Round "8.23"]
[White "Sanchez Montesdeoca, Isaac"]
[Black "Mendez Acosta, Alexander Jesus"]
[Result "0-1"]
[ECO "D30"]
[WhiteElo "1832"]
[BlackElo "2025"]
[Annotator "RC"]
[PlyCount "84"]
[EventDate "2024.03.23"]
[EventType "swiss"]
[EventCountry "ESP"]
[SourceTitle "playchess.com"]
[Source "ChessBase"]
[SourceQuality "1"]
[TimeControl "5400+30"]

1. Nf3 d5 2. d4 e6 3. g3 c5 4. c4 Nf6 5. Bg2 Nc6 6. cxd5 exd5 7. O-O cxd4 8. Nxd4 Be7 9. e3 Bg4 10. Qa4 Qd7 11. Nc3 h5 12. f3 Be6 13. Nxe6 fxe6 14. Rd1 h4 15. g4 h3 16. Bh1 O-O 17. Bd2 Bc5 18. Rac1 d4 19. Ne2 d3 20. Ng3 Bb6 21. Rc4 Nd5 22. Re4 Qd6 23. Nf1 Ne5 24. Kf2 Rac8 25. Qb3 Rc2 26. Rxe5 Qxe5 27. Qxd3 Qxb2 28. Kg3 Rcc8 29. f4 Qc2 30. Qxc2 Rxc2 31. Kf3 Rxa2 32. Ke4 Kf7 33. f5 Nf6+ 34. Kf4 exf5 35. Kxf5 Ra4 36. e4 Bc7 37. Rc1 g6+ 38. Kg5 Bd8 39. Kf4 Re8 40. Re1 Bc7+ 41. Kg5 Raxe4 42. Ne3 Bf4+ 0-1

[Event "XVI Memorial Lezcano Montalvo 2024"]
[Site "Gran Canaria"]
[Date "2024.03.30"]
[Round "8.24"]
[White "Sarmiento Afonso, Santiago"]
[Black "Rivero Tacoronte, Gabriel"]
[Result "0-1"]
[ECO "A09"]
[WhiteElo "2023"]
[BlackElo "1831"]
[Annotator "RC"]
[PlyCount "94"]
[EventDate "2024.03.23"]
[EventType "swiss"]
[EventCountry "ESP"]
[SourceTitle "playchess.com"]
[Source "ChessBase"]
[SourceQuality "1"]
[TimeControl "5400+30"]

1. Nf3 d5 2. c4 d4 3. b4 g5 4. d3 g4 5. Nh4 e5 6. g3 Bxb4+ 7. Bd2 Be7 8. Ng2 c5 9. e4 Nc6 10. Be2 h5 11. O-O f5 12. f3 fxe4 13. fxe4 Nh6 14. Na3 Nf7 15. Rb1 a6 16. Kh1 Nd6 17. Be1 Be6 18. Nh4 Bg5 19. Nc2 Qd7 20. Bf2 O-O-O 21. Ne1 Qg7 22. Neg2 Rdf8 23. Be1 Qh6 24. Qb3 Nb8 25. Qb6 Nd7 26. Qxd6 Bd8 27. Rxf8 Rxf8 28. Nf5 Qf6 29. Ngh4 Re8 30. Bd2 Bc7 31. Rf1 Kd8 32. Nxd4 Qxf1+ 33. Bxf1 Bxd6 34. Nxe6+ Rxe6 35. Nf5 Bf8 36. h3 Kc8 37. hxg4 hxg4 38. Be2 Rb6 39. Bg5 Rb1+ 40. Kg2 Rb2 41. Kf2 Rxa2 42. Ke3 a5 43. Bxg4 a4 44. Be7 Bxe7 45. Nxe7+ Kd8 46. Nd5 a3 47. Bd1 Rh2 0-1

[Event "XVI Memorial Lezcano Montalvo 2024"]
[Site "Gran Canaria"]
[Date "2024.03.30"]
[Round "8.25"]
[White "Cruz Pino, Adrian"]
[Black "Gonzalez Perdomo, Sergio"]
[Result "1-0"]
[ECO "D37"]
[WhiteElo "2015"]
[BlackElo "1792"]
[Annotator "NA RC"]
[PlyCount "51"]
[EventDate "2024.03.23"]
[EventType "swiss"]
[EventCountry "ESP"]
[SourceTitle "playchess.com"]
[Source "ChessBase"]
[SourceQuality "1"]
[TimeControl "5400+30"]

1. d4 d5 2. Nf3 Nf6 3. c4 e6 4. Nc3 h6 5. e3 a6 6. a3 dxc4 7. Bxc4 b5 8. Bd3 Bb7 9. b4 Nbd7 10. O-O Bd6 11. Bb2 O-O 12. Qc2 e5 13. Nxe5 Nxe5 14. dxe5 Bxe5 15. f4 Bd6 16. Rad1 Qe8 17. e4 Be7 18. e5 Nd7 19. Ne4 Rc8 20. Qf2 c5 21. Qg3 Bxe4 22. Bxe4 cxb4 23. axb4 f5 24. Bd5+ Kh7 25. Be6 Rc7 26. Bxd7 1-0